Selects Airborne Battlegroup
Selects Heavy Machine Gun Paradrop
Heavy Machine Gun Paradrop
Heavy Machine Gun Paradrop
Selects Paratrooper Squad Paradrop
Paratrooper Squad Paradrop
Mechanized Support Center
Paratrooper Squad Paradrop
Selects Anti-tank Gun Team Paradrop
Designate Forward Repair Station
Construct Medical Station
Construct Weapon Support Center
Selects Carpet Bombing Run
Paratrooper Squad Paradrop
M18 Hellcat Tank Destroyer
M18 Hellcat Tank Destroyer
Construct Weapon Support Center